 Dungeon Crawl Stone Soup version 0.28.0-53-g5a82cb258f (webtiles) character file.

Game seed: 7536583127120726335

190 Zeld the Chopper (level 5, -2/48 HPs)
             Began as a Hill Orc Monk on May 20, 2022.
             Was a Believer of Beogh.
             Slain by an orc
             ... wielding a +0 whip
              (4 damage)
             ... on level 3 of the Dungeon.
             The game lasted 00:03:31 (5089 turns).

Zeld the Chopper (Hill Orc Monk)                    Turns: 5089, Time: 00:03:32

Health: -2/48      AC:  2    Str: 16    XL:     5   Next: 69%
Magic:  5/5        EV: 12    Int: 10    God:    Beogh [**....]
Gold:   138        SH:  0    Dex: 13    Spells: 4/4 levels left

rFire   . . .      SeeInvis .   a - +0 hand axe
rCold   . . .      Faith    .   (no shield)
rNeg    . . .      Spirit   .   b - +0 robe
rPois   .          Reflect  .   (no helmet)
rElec   .          Harm     .   (no cloak)
rCorr   .          Rampage  .   (no gloves)
Will    .....                   (no boots)
Stlth   ++........              (no amulet)
HPRegen 0.16/turn               (no ring)
MPRegen 0.09/turn               (no ring)

@: no status effects
A: no striking features
a: Renounce Religion, Smiting


You were on level 3 of the Dungeon.
You worshipped Beogh.
Beogh was pleased with you.
You visited 1 branch of the dungeon, and saw 3 of its levels.

You collected 138 gold pieces.

Inventory:

Hand Weapons
 a - a +0 hand axe (weapon)
Armour
 b - a +0 robe (worn)
Wands
 o - a wand of paralysis (5)
Scrolls
 e - a scroll of vulnerability {unknown}
 f - 3 scrolls of identify {unknown}
 g - 2 scrolls of enchant armour {unknown}
 h - a scroll of torment {unknown}
 i - a scroll of brand weapon {unknown}
 l - a scroll of amnesia {unknown}
 m - a scroll of fear {unknown}
 n - a scroll of teleportation {unknown}
Potions
 c - 3 potions of heal wounds {unknown}
 d - a potion of ambrosia {unknown}
 j - a potion of resistance {unknown}
 k - a potion of attraction {unknown}


   Skills:
 * Level 5.1 Fighting
 * Level 5.6 Axes
 + Level 2.2 Armour
 + Level 3.0 Dodging
 - Level 1.5 Stealth


You had 4 spell levels left.
You didn't know any spells.
Your spell library was empty.

Dungeon Overview and Level Annotations

Branches:
Dungeon (3/15)

Altars:
The Shining One

Annotations:
D:3 Grinder


Message History

The orc hits you with a +0 whip.
You closely miss the orc. You hit the orc but do no damage.
The orc hits you with a +0 short sword. The orc closely misses you.
Unknown command.
You hit the orc but do no damage. You closely miss the orc.
The orc hits you with a +0 short sword. The orc closely misses you.
Unknown command.
You hit the orc.
The orc is moderately wounded.
You barely miss the orc. The orc hits you with a +0 short sword.
The orc barely misses you.
Unknown command.
You are too injured to fight recklessly!
You are too injured to fight recklessly!
You hit the orc but do no damage.
The orc is moderately wounded.
You hit the orc. The orc closely misses you.
The orc hits you but does no damage.
You are too injured to fight recklessly!
You hit the orc but do no damage.
The orc is moderately wounded.
You barely miss the orc. The orc hits you with a +0 short sword.
The orc hits you with a +0 whip.
You barely miss the orc.
The orc is almost dead.
You hit the orc but do no damage. The orc closely misses you.
The orc hits you with a +0 whip.
You hit the orc.
The orc is heavily wounded.
You hit the orc but do no damage. The orc hits you with a +0 short sword.
* * * LOW HITPOINT WARNING * * *
The orc hits you with a +0 whip.
* * * LOW HITPOINT WARNING * * *
You closely miss the orc.
The orc is almost dead.
You closely miss the orc. The orc hits you with a +0 short sword.
* * * LOW HITPOINT WARNING * * *
The orc hits you with a +0 whip.
You die...
Beogh appreciates the orc's killing of a heretic priest.

#..........###.
#.............. ####
###......####.. #....
#........##.. #....
#......#.##..
#....########.##.#.##..
#.............##.#.##..
#....)o....#####.#.#...
#....o@....# #.#.#.##
#....).....#####.#.#.#
#................#.#.#
##.........#######.#.#
#.........# #.#.#
#.........# #...#
#.........# #####
###########


You could see 2 orcs.

Vanquished Creatures
  A bullfrog (D:2)
  An orc priest (D:3)
  Jessica (D:2)
  5 adders
  5 worms
  2 dart slugs
  4 orcs (D:3)
  4 ball pythons
  9 endoplasms
  2 giant cockroaches (D:1)
  5 hobgoblins (D:2)
  3 jackals (D:3)
  2 quokkas (D:3)
  5 bats
  3 frilled lizards
  3 goblins
  3 kobolds
  6 rats
64 creatures vanquished.

Vanquished Creatures (others)
  2 orcs (D:3)
  A ball python (D:3)
  A rat (D:3)
4 creatures vanquished.

Grand Total: 68 creatures vanquished

Notes
Turn   | Place    | Note
-------+----------+-------------------------------------------
     0 | D:1      | Zeld the Hill Orc Monk began the quest for the Orb.
     0 | D:1      | Reached XP level 1. HP: 19/19 MP: 1/1
   226 | D:1      | Reached XP level 2. HP: 23/27 MP: 2/2
  1270 | D:2      | Reached skill level 1 in Armour
  1270 | D:2      | Reached XP level 3. HP: 16/33 MP: 3/3
  1887 | D:2      | Reached XP level 4. HP: 23/41 MP: 4/4
  2073 | D:2      | Found a glowing golden altar of the Shining One.
  2125 | D:2      | Found a faded altar of an unknown god.
  2126 | D:2      | Noticed Jessica
  2155 | D:2      | Killed Jessica
  2156 | D:2      | Reached skill level 5 in Axes
  3678 | D:3      | Noticed Grinder
  3680 | D:3      | Paralysed by Grinder for 7 turns
  3706 | D:2      | Reached XP level 5. HP: 45/47 MP: 5/5
  3734 | D:3      | Became a worshipper of Beogh the Brigand
  3734 | D:3      | Reached * piety under Beogh
  3734 | D:3      | Reached ** piety under Beogh
  3756 | D:2      | Reached skill level 5 in Fighting
  4814 | D:3      | Paralysed by Grinder for 2 turns
  5089 | D:3      | HP: 2/48 [orc/+0 short sword (6)]
  5089 | D:3      | Slain by an orc

Illustrated notes

Levels and vault maps discovered:
D:1:      minmay_arrival_jagged, layout_loops_ring, minmay_misc_feat_room,
          skrybe_limestone_x
D:2:      layout_loops_cross, shapermc_ecumenical_altar_starsandcircs,
          basic_altar, chequers_avenue, nicolae_wormholes, uniq_jessica
D:3:      layout_basic, kennysheep_generic_room_7, uniq_grinder

Skill      XL: |  1  2  3  4  5 |
---------------+----------------+-----
Fighting       | 4 5 |  5.1
Armour         | 1 2 |  2.2
Axes           | 5 |  5.6
Dodging        | 3 |  3.0
Stealth        | |  1.5

Action                   |  1- 3 |  4- 6 || total
-------------------------+-------+-------++-------
Melee: Hand axe          |    98 |   158 ||   256
       Punch             |     1 |     1 ||     2
Invok: Smiting           |       |     2 ||     2
       Convert to Beogh  |       |     1 ||     1
 Stab: Sleeping          |     4 |     3 ||     7
       Distracted        |       |     1 ||     1
Armor: Robe              |    13 |    18 ||    31
Dodge: Dodged            |    66 |    98 ||   164
